Map: 로스트 앤 파운드 - 래더

Players

Zest - Winner!

  • Race: Protoss Protoss
  • League: Master
  • Spawn Location: 7:00

Trap

  • Race: Protoss Protoss
  • League: Master
  • Spawn Location: 1:00

Event: HomeStory Cup XVIII

VOD

Have the link to the VOD?

Description

Time

  • Played on: Nov. 24, 2018, 6:37 a.m.
  • Length: 7:09

All games in this series

Show
View Real Time Build Order
Export as new Build Order

Zest Protoss - Winner!

Build Orders: Phoenix Opening, Mass Phoenix 

Get SALT Encoding   

  12  0:00  Probe  
  13  0:12  Probe  
  14  0:16  Pylon  
  14  0:24  Probe  
  15  0:32  Probe  
  15  0:36  Gateway  
  15  0:40  Probe  
  16  0:45  Assimilator  
  17  0:51  Probe  
  17  0:54  Assimilator  
  18  0:59  Probe  
  19  1:06  Gateway  
  19  1:08  Probe  
  19  1:17  Probe  
  20  1:23  Cybernetics Core  
  21  1:29  Probe  
  22  1:36  Pylon  
  22  1:41  Probe  
  23  1:54  Probe  
  24  2:00  Stalker, Sentry  
  24  2:01  Warp Gate  
  28  2:11  Pylon  
  27  2:26  Probe  
  28  2:33  Phoenix  
  28  2:37  Stargate  
  28  2:46  Nexus  
  28  2:48  Probe  
  29  3:00  Probe  
  30  3:13  Probe  
  30  3:18  Phoenix  
  31  3:25  Probe  
  34  3:30  Pylon  
  34  3:37  Phoenix, Probe  
  30  3:57  Probe  
  30  3:58  Probe  
  30  3:59  Twilight Council  
  30  4:02  Phoenix  
  34  4:06  Probe x2  
  35  4:15  Probe  
  35  4:16  Probe  
  38  4:27  Phoenix, Probe  
  38  4:30  Probe  
  42  4:39  Dark Shrine, Probe x2  
  44  4:46  Assimilator  
  44  4:48  Probe  
  44  4:52  Probe  
  46  4:53  Phoenix  
  46  4:58  Probe  
  48  5:04  Probe  
  50  5:07  Assimilator  
  50  5:10  Probe  
  50  5:13  Phoenix  
  51  5:16  Probe, Pylon  
  54  5:23  Probe  
  54  5:25  Pylon  
  54  5:28  Probe  
  56  5:30  Phoenix  
  56  5:35  Probe  
  57  5:40  Probe  
  60  5:45  Shield Battery  
  60  5:47  Probe  
  61  5:51  Dark Templar  
  61  5:52  Dark Templar  
  61  5:55  Phoenix, Probe  
  66  5:59  Probe  
  69  6:05  Pylon  
  59  6:28  Probe x2  
  59  6:30  Dark Templar x2  
  65  6:42  Gateway  
  65  6:45  Gateway  
  63  6:47  Gateway  
  63  6:52  Gateway  
  63  6:53  Nexus  
  61  7:05  Stalker x2  
Show
View Real Time Build Order
Export as new Build Order

Trap Protoss 

Build Orders: Phoenix Opening, Mass Phoenix 

Get SALT Encoding   

  12  0:00  Probe  
  13  0:12  Probe  
  14  0:17  Pylon  
  14  0:24  Probe  
  15  0:32  Probe  
  15  0:37  Gateway  
  15  0:40  Probe  
  16  0:46  Assimilator  
  17  0:51  Probe  
  17  0:54  Assimilator  
  18  1:03  Probe  
  19  1:08  Gateway  
  19  1:15  Probe  
  20  1:24  Cybernetics Core  
  20  1:27  Probe  
  20  1:31  Pylon  
  21  1:39  Probe  
  22  1:51  Probe  
  22  1:53  Stalker  
  23  1:54  Sentry  
  27  2:04  Warp Gate  
  28  2:11  Pylon  
  29  2:23  Adept  
  29  2:25  Adept  
  30  2:42  Stargate  
  30  2:55  Nexus  
  31  2:58  Probe  
  31  3:10  Probe  
  32  3:20  Phoenix  
  32  3:22  Probe  
  35  3:34  Probe  
  35  3:41  Phoenix  
  36  3:46  Probe  
  37  3:59  Probe  
  36  4:06  Phoenix, Probe  
  36  4:07  Assimilator, Stargate  
  36  4:09  Probe  
  39  4:14  Probe  
  40  4:17  Probe  
  40  4:24  Probe  
  42  4:25  Probe  
  42  4:31  Phoenix  
  46  4:33  Assimilator  
  46  4:36  Probe  
  46  4:37  Probe  
  48  4:40  Shield Battery  
  48  4:48  Probe  
  48  4:49  Probe  
  48  4:50  Phoenix  
  52  4:56  Phoenix  
  54  5:06  Pylon  
  54  5:15  Phoenix x2  
  54  5:21  Pylon  
  54  5:24  Probe x2  
  60  5:32  Pylon  
  60  5:36  Probe x2  
  60  5:39  Phoenix x2  
  66  5:48  Probe x2  
  68  5:59  Fleet Beacon  
  68  6:01  Oracle  
  71  6:11  Oracle  
  64  6:22  Shield Battery  
  64  6:24  Pylon  
  64  6:28  Probe x2  
  56  6:40  Probe x2  
  53  6:50  Forge  
  55  6:55  Probe  
Tags
 
Add a new tag
Caveats
  • Supply blocks, unpowered buildings, or Contaminate may cause inaccurate times.
  • Supply counts are checked every 10 seconds.